 Dungeon Crawl Stone Soup version 0.24.0-28-g17ded55e90 (webtiles) character file.

Game seed: 3706150650081139957, levelgen mode: deterministic

502 Gumption the Scholar of Death (level 6, -1/47 HPs)
             Began as a Demonspawn Necromancer on Nov 11, 2019.
             Was a Follower of Kikubaaqudgha.
             Succumbed to a scorpion's poison
             ... on level 4 of the Dungeon.
             The game lasted 00:34:30 (5848 turns).

Gumption the Scholar of Death (DsNe)                Turns: 5848, Time: 00:34:30

Health: -1/47      AC:  3    Str: 13    XL:     6   Next: 95%
Magic:  0/11       EV: 10    Int: 18    God:    Kikubaaqudgha [*.....]
Gold:   213        SH:  0    Dex: 14    Spells: 4/12 levels left

rFire    . . .     SeeInvis .   a - +3 whip
rCold    . . .     Gourm    .   (no shield)
rNeg     . . .     Faith    .   k - +0 leather armour
rPois    .         Spirit   .   (helmet restricted)
rElec    .         Reflect  .   (no cloak)
rCorr    .         Harm     .   (no gloves)
MR       .....                  (no boots)
Stlth    +.........             (no amulet)
HPRegen  0.15/turn              (no ring)
MPRegen  0.12/turn              (no ring)

@: mighty, lethally poisoned (-1 -> -15), heavily drained
A: horns 1, spiny 1
a: Receive Corpses, Renounce Religion


You were on level 4 of the Dungeon.
You worshipped Kikubaaqudgha.
Kikubaaqudgha was aware of your devotion.
You were not hungry.

You visited 1 branch of the dungeon, and saw 4 of its levels.

You collected 213 gold pieces.

Inventory:

Hand Weapons
 a - a +3 whip (weapon)
 l - a +0 hunting sling
Missiles
 i - 48 stones (quivered)
 o - 43 poisoned darts
Armour
 c - a +0 robe
 k - a +0 leather armour (worn)
 m - a +0 ring mail
Magical Staves
 w - an uncursed staff of death
Jewellery
 p - a cursed -4 ring of dexterity {unknown}
Wands
 t - a wand of scattershot (8)
Scrolls
 d - a scroll of teleportation {unknown}
 f - a scroll of immolation {unknown}
 g - a scroll of fog {unknown}
 h - a scroll of magic mapping {unknown}
 q - 2 scrolls of remove curse
 s - a scroll of blinking {unknown}
 u - a scroll of identify {unknown}
Potions
 b - 2 potions of haste {unknown}
 j - 2 potions of degeneration {unknown}
 n - 2 potions of heal wounds {unknown}
 r - 2 potions of might
Comestibles
 e - 10 rations
 v - 3 chunks of flesh


   Skills:
 + Level 3.2(1.1) Fighting
 - Level 2.0(0.0) Dodging
 - Level 2.0(0.0) Stealth
 + Level 3.8(1.6) Spellcasting
 * Level 7.1(4.7) Necromancy


You had 4 spell levels left.
You knew the following spells:

 Your Spells              Type           Power        Failure   Level  Hunger
a - Pain                  Necr           ###.         3%          1    ##.....
b - Animate Skeleton      Necr           N/A          3%          1    ##.....
c - Vampiric Draining     Necr           ###.......   10%         3    ####...
z - Regeneration          Chrm/Necr      ##........   26%         3    ####...

Your spell library contained the following spells:

 Spells                   Type           Power        Failure   Level  Hunger
 Beastly Appendage        Tmut           #.....       24%         1    ##.....
 Animate Dead             Necr           N/A          32%         4    #####..
 Sticks to Snakes         Tmut           #.......     36%         2    ###....
 Spider Form              Tmut/Pois      #.........   58%         3    ####...
 Ice Form                 Ice/Tmut       #.......     94%         4    #####..
 Blade Hands              Tmut           #.........   100%        5    ######.


Dungeon Overview and Level Annotations

Branches:
Dungeon (4/15)
 Temple: D:4-7

Altars:
Kikubaaqudgha
Trog
Zin


Innate Abilities, Weirdness & Mutations

You have a pair of small horns on your head.
You are partially covered in sharp spines.


Message History

Confirm with . or Enter, or press ? or * to list all spells.
You don't have enough magic to cast that spell.
Casting: Vampiric Draining (safe; 12% risk of failure)
Confirm with . or Enter, or press ? or * to list all spells.
Aiming: Pain (safe; 3% risk of failure)
Press: ? - help, Shift-Dir - straight line, f/p - scorpion
Aim: a scorpion (severely wounded, chance to defeat MR: 78%)
The scorpion barely resists.
* * * LOW HITPOINT WARNING * * *
You feel sick. The scorpion barely misses you.
You closely miss the scorpion.
You headbutt the scorpion, but do no damage.
The scorpion is severely wounded.
* * * LOW HITPOINT WARNING * * *
You feel sick. The scorpion stings you!
* * * LOW HITPOINT WARNING * * *
It was a potion of might.
You feel very mighty all of a sudden.
You die...
Kikubaaqudgha rasps: "You have failed me!
Welcome... death!"

##.## ##...###..h## #..##.#
#..#####...#...s# ##..##.#
#.....##........####..#####
# ##..##.)..........#..#.#
.###..#####...........#####
..#...# ###..####..##
#...## ##....####.## ##..#
#.####.##..# ##.### ###
#.@s.## ##..# ###### ##.#
##


You could see a scorpion.

Vanquished Creatures
  An ogre (D:2)
  5 wights (D:3)
  2 hounds (D:4)
  Natasha (D:4)
  A worker ant (D:4)
  5 adders
  2 worms (D:3)
  2 dart slugs
  3 leopard geckos
  6 orcs
  3 giant cockroaches
  4 goblins
  8 hobgoblins
  A ball python (D:3)
  10 bats
  5 frilled lizards
  4 kobolds
  3 rats
66 creatures vanquished.

Notes
Turn   | Place    | Note
-------+----------+-------------------------------------------
     0 | D:1      | Gumption the Demonspawn Necromancer began the quest for the
                  | Orb.
     0 | D:1      | Reached XP level 1. HP: 13/13 MP: 3/3
     2 | D:1      | Learned a level 1 spell: Animate Skeleton
   523 | D:1      | Gained mutation: You are partially covered in sharp spines.
                  | [demonic ancestry]
   523 | D:1      | Reached XP level 2. HP: 19/19 MP: 3/5
  1383 | D:2      | Reached XP level 3. HP: 15/25 MP: 1/6
  1646 | D:2      | Reached skill level 5 in Necromancy
  1703 | D:2      | Reached skill level 1 in Fighting
  1711 | D:2      | Learned a level 3 spell: Vampiric Draining
  2275 | D:2      | Noticed an ogre
  2288 | D:2      | Killed an ogre
  2288 | D:2      | Reached XP level 4. HP: 28/33 MP: 1/8
  2296 | D:2      | Learned a level 3 spell: Regeneration
  2618 | D:2      | Found an ancient bone altar of Kikubaaqudgha.
  2618 | D:2      | Found a glowing silver altar of Zin.
  2621 | D:2      | Found a bloodstained altar of Trog.
  2634 | D:2      | Became a worshipper of Kikubaaqudgha
  2838 | D:3      | Reached XP level 5. HP: 35/38 MP: 4/9
  3650 | D:3      | Reached skill level 6 in Necromancy
  3772 | D:4      | Noticed a slave
  3772 | D:4      | Noticed a slave
  4234 | D:3      | HP: 1/39 [wight/cursed +4 morningstar (1)]
  4235 | D:3      | Gained mutation: You have a pair of small horns on your
                  | head. [demonic ancestry]
  4235 | D:3      | Reached XP level 6. HP: 3/46 MP: 3/11
  5251 | D:4      | Reached * piety under Kikubaaqudgha
  5251 | D:4      | Identified Kikubaaqudgha's Tome of Stolen Souls
                  | (Kikubaaqudgha gifted it to you on level 4 of the Dungeon)
  5251 | D:4      | Received a gift from Kikubaaqudgha
  5331 | D:4      | Reached skill level 7 in Necromancy
  5795 | D:4      | Noticed Natasha
  5843 | D:4      | Killed Natasha
  5847 | D:4      | HP: 1/47 [scorpion (7)]
  5848 | D:4      | Succumbed to a scorpion's poison

Levels and vault maps discovered:
D:1:      minmay_arrival_jagged, layout_basic
D:2:      layout_basic, nicolae_overflow_hidden_temple, minmay_tiny_reverse_x
D:3:      layout_loops_ring
D:4:      layout_layer_cave, makhleb_blood_cavern_becter, first_ration,
          uniq_pikel, uniq_natasha

Skill      XL: |  1  2  3  4  5  6 |
---------------+-------------------+-----
Stealth        | 2 |  2.0
Dodging        | 2 |  2.0
Necromancy     | 5 6 7 |  7.1
Fighting       | 1 2 3 |  3.2
Spellcasting   | 3 |  3.8

Action                   |  1- 3 |  4- 6 || total
-------------------------+-------+-------++-------
Melee: Unarmed           |     1 |       ||     1
       Dagger            |     4 |       ||     4
       Whip              |     4 |    47 ||    51
       Headbutt          |       |     4 ||     4
Throw: Stone             |     1 |    10 ||    11
 Cast: Pain              |    55 |    68 ||   123
       Animate Skeleton  |    15 |    10 ||    25
       Regeneration      |       |    10 ||    10
       Vampiric Draining |       |     1 ||     1
  Use: Scroll            |     2 |       ||     2
       Potion            |       |     1 ||     1
 Stab: Sleeping          |     1 |       ||     1
  Eat: Chunk             |     5 |     8 ||    13
       Ration            |       |     2 ||     2
Armor: Robe              |     9 |     2 ||    11
Dodge: Dodged            |    21 |    42 ||    63
